 Dungeon Crawl Stone Soup version 0.30.1-3-gfc49f6343a (webtiles) character file.

Game seed: 6014341755497065417

4209 101zpm the Thaumaturge (level 10, 0/61 HPs)
             Began as a Djinni Fire Elementalist on July 27, 2023.
             Slain by a yak (7 damage)
             ... on level 8 of the Dungeon.
             The game lasted 00:27:35 (8254 turns).

101zpm the Thaumaturge (Djinni Fire Elementalist)   Turns: 8254, Time: 00:27:36

Health: 0/61       AC:  4    Str:  7    XL:     10   Next: 54%
Gold:   1594       EV: 12    Int: 20    God:
                   SH:  0    Dex: 15

rFire   + + .        (no weapon)
rCold   x . .        (no shield)
rNeg    . . .        y - +1 leather armour of the Game Afoot {Regen+}
rPois   ∞            (no helmet)
rElec   .            (no cloak)
rCorr   .            (no gloves)
SInv    .            (boots unavailable)
Will    +....        (no amulet)
Stlth   ++           (no ring)
HPRegen 1.10/turn    (no ring)
MPRegen 0.00/turn

%: infuse magic (-1 HP)
@: flying
A: sickness immunity, fire resistance 2, cold vulnerability 1, float, innate
caster, HP casting, extra vitality 1
a: no special abilities


You were on level 8 of the Dungeon.
You visited 2 branches of the dungeon, and saw 9 of its levels.
You also visited: Ossuary.

You collected 1594 gold pieces.

Inventory:

Hand Weapons
 o - a +1 short sword of draining
Armour
 a - a +1 robe
 y - the +1 leather armour of the Game Afoot (worn) {Regen+}
   (You found it on level 4 of the Dungeon)

   Regen:     It increases your rate of health regeneration.
Jewellery
 H - a ring of fire
Wands
 d - a wand of mindburst (4)
 q - a wand of flame (14)
 x - a wand of polymorph (14)
 z - a wand of acid (6)
 G - a wand of roots (8)
Scrolls
 c - 4 scrolls of blinking
 e - 2 scrolls of fog
 f - 2 scrolls of poison
 i - a scroll of noise
 j - 3 scrolls of teleportation
 r - a scroll of butterflies
 s - 2 scrolls of fear
 u - a scroll of magic mapping
 w - a scroll of silence {unknown}
 A - 2 scrolls of vulnerability {unknown}
 C - a scroll of identify
 D - 2 scrolls of torment {unknown}
Potions
 b - 8 potions of heal wounds {unknown}
 g - 4 potions of mutation {unknown}
 h - 4 potions of curing {unknown}
 k - 4 potions of attraction {unknown}
 l - 2 potions of magic {unknown}
 m - a potion of degeneration {unknown}
 n - a potion of cancellation {unknown}
 p - 2 potions of haste {unknown}
 t - a potion of experience {unknown}
 v - a potion of ambrosia {unknown}
 B - a potion of resistance {unknown}
 E - 2 potions of invisibility {unknown}
 F - a potion of lignification {unknown}


   Skills:
 + Level 0.7 Fighting
 + Level 0.6 Armour
 + Level 2.7 Dodging
 + Level 3.3 Stealth
 + Level 11.2 Spellcasting


You knew the following spells:

 Your Spells              Type           Power      Damage    Failure   Level
a - Foxfire               Conj/Fire      100%       2x1d9     1%          1
b - Scorch                Fire           100%       2d9       1%          2
c - Volatile Blastmotes   Fire/Tloc      100%       2d18      1%          3
d - Inner Flame           Hex/Fire       54%        N/A       1%          3
e - Flame Wave            Conj/Fire      54%        2d13      1%          4
f - Kiss of Death         Conj/Necr      100%       2d13      1%          1
g - Searing Ray           Conj           100%       2d8       1%          2
h - Gell's Gravitas       Tloc           54%        N/A       1%          3
i - Vhi's Electric Charg  Tloc/Air       100%       N/A       1%          3
Your spell library was empty.

Dungeon Overview and Level Annotations

Branches:
Dungeon (8/15)             Temple (1/1) D:6         Ossuary (visited)
   Lair: D:8-11

Altars:
Cheibriados
Elyvilon
Fedhas
Makhleb
Nemelex Xobeh
Okawaru
Ru
Trog
Wu Jian
Xom
Yredelemnul
Zin

Shops:
D:4 [


Innate Abilities, Weirdness & Mutations

You are immune to sickness and miasma.
You are immune to poison.
Your flesh is very heat resistant. (rF++)
You are vulnerable to cold. (rC-)
You float through the air rather than walking.
You learn spells naturally, not from books.
Your magical power is your life essence.
You have superior vitality. (+4 MHP)


Message History

The yak is severely wounded.
The yak gores you!
Casting: Scorch (safe; 1% risk of failure)
Confirm with . or Enter, or press ? or * to list all spells.
Flames lash the yak.
The yak is burned terribly!
The yak is severely wounded.
The yak gores you.
Casting: Scorch (safe; 1% risk of failure)
Confirm with . or Enter, or press ? or * to list all spells.
Flames lash the yak.
The yak is burned terribly!
You kill the yak!
The yak gores you!
Casting: Scorch (safe; 1% risk of failure)
Confirm with . or Enter, or press ? or * to list all spells.
Flames lash the yak.
The yak is burned terribly!
You kill the yak!
The yak gores you!
* * * LOW HITPOINT WARNING * * *
Casting: Scorch (safe; 1% risk of failure)
Confirm with . or Enter, or press ? or * to list all spells.
Flames lash the yak.
The yak is moderately wounded.
The yak's fire resistance burns away.
* * * LOW HITPOINT WARNING * * *
The yak closely misses you.
A yak comes into view.
Casting: Scorch (safe; 1% risk of failure)
Confirm with . or Enter, or press ? or * to list all spells.
Flames lash the yak.
The yak is burned terribly!
The yak is severely wounded.
* * * LOW HITPOINT WARNING * * *
The yak gores you.
* * * LOW HITPOINT WARNING * * *
Casting: Scorch (safe; 1% risk of failure)
Confirm with . or Enter, or press ? or * to list all spells.
Flames lash the yak.
The yak is burned terribly!
You kill the yak!
* * * LOW HITPOINT WARNING * * *
The yak gores you!
You die...

*******### *,,,,,,..#
*,*****#.# ### *,* #.#
#####.## *,*
####.###......## *,*
#........#.....#
#.###.##.###......##
#....†Y@.#
#####.#######
#####Y#### #........
#.*** #.#######
**#Y*,** ##'##
*,..,,,** ##...##
*,..,,*,**##.....##
*...,,**,##.......##
*...,,*,*#.........###
*,,,,,,,,+.........'..


You could see 2 yaks.

Vanquished Creatures
  Maurice (D:8)
  Grinder (D:6)
  Sigmund (D:3)
  A wyvern (D:7)
  4 yaks (D:8)
  Menkaure (D:4)
  3 water moccasins
  An orc warrior (D:7)
  3 ice beasts
  A sky beast (D:8)
  2 centaurs
  A bullfrog (D:7)
  A kobold brigand (D:7)
  4 scorpions
  7 killer bees (D:8)
  2 howler monkeys
  4 orc priests
  4 jellies
  4 hounds
  A sleepcap (D:6)
  3 iguanas
  Terence (D:3)
  Jessica (D:2)
  5 orc wizards
  Natasha (thrice) (D:3)
  5 mummies
  6 gnolls (D:5)
  A river rat (D:5)
  10 adders
  2 shadow imps (D:7)
  2 white imps (D:7)
  2 ufetubi (D:6)
  5 worms
  3 dart slugs
  18 orcs
  6 ball pythons
  3 bats
  8 endoplasms
  5 giant cockroaches
  3 gnoll zombies (Ossuary)
  8 goblins
  4 hobgoblins
  2 jackals (D:1)
  3 quokkas
  2 frilled lizards
  6 gnoll skeletons (Ossuary)
  4 goblin skeletons (Ossuary)
  3 goblin zombies (Ossuary)
  2 hobgoblin skeletons (Ossuary)
  3 hobgoblin zombies (Ossuary)
  12 kobolds
  3 kobold skeletons (Ossuary)
  5 kobold zombies (Ossuary)
  6 orc skeletons (Ossuary)
  8 orc zombies (Ossuary)
  5 rats
  4 rat skeletons (Ossuary)
  3 rat zombies (Ossuary)
222 creatures vanquished.

Vanquished Creatures (collateral kills)
  A foxfire (D:3)
1 creature vanquished.

Vanquished Creatures (others)
  534 foxfires
534 creatures vanquished.

Grand Total: 757 creatures vanquished

Notes
Turn   | Place    | Note
-------+----------+-------------------------------------------
     0 | D:1      | 101zpm the Djinni Fire Elementalist began the quest for the
                  | Orb.
     0 | D:1      | 101zpm set off with the following spells memorised:
                  | Foxfire, Scorch, Volatile Blastmotes, Inner Flame, Flame
                  | Wave.
     0 | D:1      | Reached XP level 1. HP: 15/15 MP: 0/0
    98 | D:2      | Noticed Jessica
   185 | D:2      | Killed Jessica
   186 | D:2      | Reached skill level 3 in Spellcasting
   186 | D:2      | Reached XP level 2. HP: 16/21 MP: 0/0
   186 | D:2      | Reached XP level 3. HP: 19/25 MP: 0/0
   186 | D:2      | Learned a level 1 spell: Kiss of Death
  1067 | D:3      | Reached XP level 4. HP: 26/31 MP: 0/0
  1090 | D:3      | Found a faded altar of an unknown god.
  1314 | D:3      | Noticed Natasha
  1319 | D:3      | Killed Natasha
  1320 | D:3      | Reached XP level 5. HP: 23/35 MP: 0/0
  1320 | D:3      | Learned a level 2 spell: Searing Ray
  1373 | D:3      | Noticed Terence
  1379 | D:3      | Killed Terence
  1380 | D:3      | Reached skill level 4 in Spellcasting
  1602 | D:3      | Noticed Natasha
  1605 | D:3      | Killed Natasha
  1925 | D:3      | Noticed Natasha
  1928 | D:3      | Killed Natasha
  1929 | D:3      | Reached XP level 6. HP: 33/40 MP: 0/0
  2263 | D:3      | Noticed Sigmund
  2267 | D:3      | Killed Sigmund
  2268 | D:3      | Reached skill level 5 in Spellcasting
  2268 | D:3      | Reached XP level 7. HP: 40/45 MP: 0/0
  2268 | D:3      | Learned a level 3 spell: Gell's Gravitas
  2426 | D:5      | Entered Level 5 of the Dungeon
  2531 | D:5      | Noticed a water moccasin
  2535 | D:5      | Killed a water moccasin
  2536 | D:5      | Reached skill level 6 in Spellcasting
  2825 | D:5      | Reached XP level 8. HP: 32/50 MP: 0/0
  3632 | D:5      | Reached skill level 7 in Spellcasting
  3738 | D:6      | Noticed Grinder
  3742 | D:6      | Killed Grinder
  3936 | D:6      | Found a staircase to the Ecumenical Temple.
  3942 | Temple   | Entered the Ecumenical Temple
  4123 | D:6      | Reached skill level 8 in Spellcasting
  4123 | D:6      | Reached XP level 9. HP: 10/55 MP: 0/0
  4123 | D:6      | Learned a level 3 spell: Vhi's Electric Charge
  5124 | D:7      | Reached skill level 9 in Spellcasting
  5590 | D:1      | You are sucked into a shaft and drop 1 floor!
  6269 | D:4      | Found Umox's Antique Armour Shop.
  6315 | D:4      | Found a sacrificial altar of Ru.
  6393 | D:4      | Identified the +1 leather armour of the Game Afoot {Regen+}
  6477 | D:4      | Found a shimmering altar of Xom.
  6558 | D:4      | Noticed Menkaure
  6563 | D:4      | Killed Menkaure
  6697 | D:7      | Found a blossoming altar of Fedhas.
  7078 | D:7      | Reached skill level 10 in Spellcasting
  7078 | D:7      | Reached XP level 10. HP: 59/61 MP: 0/0
  7230 | D:8      | Found a sand-covered staircase.
  7255 | Ossuary  | Entered an ossuary
  7764 | Ossuary  | Identified a scroll of acquirement
  7765 | Ossuary  | Acquired 988 gold pieces
  8134 | D:8      | Noticed Maurice
  8140 | D:8      | Killed Maurice
  8241 | D:8      | Reached skill level 11 in Spellcasting
  8254 | D:8      | Slain by a yak

Illustrated notes

Levels and vault maps discovered:
D:1:      minmay_arrival_shoal_huts, layout_rooms, minmay_pentomino_r4
D:2:      cheibrodos_helix_gallery, layout_basic, uniq_jessica
D:3:      layout_basic, serial_bayou, serial_bayou_pond_d, serial_bayou_lake_a,
          serial_bayou_crossing, serial_bayou_pond_d,
          shapermc_ecumenical_altar_gd, uniq_natasha, uniq_sigmund, uniq_terence
D:4:      layout_basic, lemuel_crystal_altar, nicolae_ru_path_of_blood,
          serial_shops, shop, uniq_menkaure
D:5:      layout_basic, gup_sewer_entry_bubbles, mrwooster_statue_mirror
D:6:      layout_basic, temple_green, serial_curves, eino_curves_01,
          eino_curves_03, eino_curves_01, eino_curves_04,
          kennysheep_nondescript, minivault_1, roderic_roman_lattice,
          ldierk_geyser, uniq_grinder
D:7:      layout_gridville, fedhas_altar_3
D:8:      layout_loops_corners, riverfiend_overflow_shadow_ancestor,
          gup_ossuary_entry_pyramid, uniq_maggie, uniq_maurice
Temple:   nicolae_temple_x_marks_the_god

Skill      XL: |  1  2  3  4  5  6  7  8  9 10 |
---------------+-------------------------------+-----
Spellcasting   | 3 4 5 6 8 10 11 | 11.2
Stealth        | 2 3 |  3.3
Fighting       | |  0.7
Armour         | |  0.6
Dodging        | |  2.7

Action                     |  1- 3 |  4- 6 |  7- 9 | 10-12 || total
---------------------------+-------+-------+-------+-------++-------
  Melee: Unarmed           |       |       |     1 |       ||     1
   Cast: Foxfire           |    36 |    57 |   156 |   112 ||   361
         Scorch            |     2 |    11 |   103 |    48 ||   164
         Inner Flame       |       |    16 |    39 |    31 ||    86
         Searing Ray       |       |       |     2 |       ||     2
         Volatile Blastmot |       |       |     1 |     1 ||     2
         Kiss of Death     |       |       |     1 |       ||     1
         Vhi's Electric Ch |       |       |     1 |       ||     1
         Gell's Gravitas   |       |       |       |     1 ||     1
    Use: Scroll            |       |       |     8 |     6 ||    14
 Armour: Robe              |       |       |     1 |       ||     1
         Leather armour    |       |       |     1 |     1 ||     2
  Dodge: Dodged            |       |       |    12 |     6 ||    18
